AoeStats
← teko55

Hill Fort

506413263Analyzed
3v3 RM · 18d ago on Sep 13, 2026· 76m 54s· 6 players
Game mode
Random Map
Map size
Normal (6 player)
Population
200
Speed
Normal
Resources
Standard
Victory
Conquest
Starting age
Dark Age
Ending age
Imperial Age
RankedLock teamsTeams togetherTeam positionsShared explorationLock speedFull tech treeHidden civsTurbo modeCheats
Victory
Defeat
🇹🇼 Saracens · Taiwan
1199
+18
🇹🇼 Khmer · Taiwan
1199
+18
🇹🇼 Hindustanis · Taiwan
1198
+18
🇯🇵 Khitans · Japan
1333
-22
🇯🇵 Spanish · Japan
1248
-18
🇯🇵 Byzantines · Japan
1155
-14
Sep
7:13 Loom
10:07 Feudal Age
11:31 Gold Mining
11:30 Double-Bit Axe
11:26 Horse Collar
16:27 Fletching
24:38 Castle Age
22:50 Padded Archer Armor
23:21 Gold Mining
23:22 Stone Mining
24:47 Crossbowman
25:32 Thumb Ring
25:24 Bodkin Arrow
34:10 Wheelbarrow
36:39 Imperial Age
37:55 Ballistics
37:28 Town Watch
38:00 Hand Cart
37:44 Arbalester
38:26 Bracer
38:41 Leather Archer Armor
40:00 Chemistry
62:51 Caravan
65:33 Fortified Wall
75:33 Ring Archer Armor
75:04 Scale Mail Armor
75:15 Forging
75:10 Scale Barding Armor
yoyo
5:08 Loom
10:53 Feudal Age
12:52 Double-Bit Axe
19:00 Horse Collar
23:23 Castle Age
21:21 Gold Mining
23:57 Bloodlines
23:54 Scale Barding Armor
24:00 Forging
25:57 Chain Barding Armor
26:13 Iron Casting
27:07 Husbandry
28:40 Stone Mining
29:28 Gold Shaft Mining
30:41 Wheelbarrow
29:52 Town Watch
32:56 Hand Cart
32:42 Town Patrol
36:56 Fletching
37:06 Padded Archer Armor
40:11 Imperial Age
39:00 Fortified Wall
40:18 Heavy Camel Rider
41:36 Plate Barding Armor
42:02 Blast Furnace
41:31 Grand Trunk Road
41:52 Conscription
42:18 Imperial Camel Rider
43:12 Shatagni
44:23 Stone Shaft Mining
51:08 Ballistics
54:33 Bow Saw
54:25 Heavy Plow
56:46 Chemistry
58:16 Light Cavalry
59:36 Thumb Ring
59:11 Hussar
61:37 Bodkin Arrow
71:46 Two-Man Saw
74:39 Caravan
w306090
9:04 Feudal Age
10:08 Double-Bit Axe
11:44 Bloodlines
12:35 Horse Collar
23:43 Castle Age
22:46 Fishing Lines
24:35 Husbandry
26:53 Bow Saw
28:31 Gold Mining
30:39 Wheelbarrow
32:52 Gillnets
34:26 Hand Cart
35:05 Fervor
36:32 Gold Shaft Mining
40:32 Imperial Age
39:26 Scale Barding Armor
39:31 Forging
39:46 Town Watch
39:46 Loom
41:04 Elite Battle Elephant
43:01 Chain Barding Armor
42:38 Stone Mining
44:39 Plate Barding Armor
45:18 Stone Shaft Mining
45:37 Iron Casting
45:05 Town Patrol
44:31 Light Cavalry
46:30 Conscription
48:33 Fletching
49:44 Blast Furnace
50:13 Hussar
50:50 Bodkin Arrow
52:58 Chemistry
55:49 Bracer
64:52 Siege Engineers
65:07 Ballistics
67:43 Caravan
ohawan12312
10:55 Feudal Age
11:56 Loom
18:22 Castle Age
17:35 Double-Bit Axe
17:32 Horse Collar
20:59 Wheelbarrow
23:27 Bow Saw
28:26 Padded Archer Armor
28:29 Gold Mining
33:43 Bloodlines
36:01 Leather Archer Armor
35:54 Husbandry
38:54 Hand Cart
41:19 Imperial Age
40:11 Fletching
40:43 Heavy Plow
40:19 Pikeman
41:00 Squires
42:29 Conscription
41:41 Elite Conquistador
44:04 Chemistry
44:34 Ring Archer Armor
44:00 Halberdier
44:59 Scale Mail Armor
45:32 Fortified Wall
46:35 Elite Skirmisher
48:52 Chain Mail Armor
48:48 Forging
48:33 Bodkin Arrow
49:54 Thumb Ring
51:40 Plate Mail Armor
51:11 Bracer
51:17 Scale Barding Armor
51:51 Iron Casting
51:36 Thumb Ring
72:29 Town Watch
teko55
7:02 Loom
10:02 Feudal Age
15:07 Forging
19:41 Scale Barding Armor
22:13 Double-Bit Axe
22:09 Domestication
27:27 Castle Age
29:04 Chain Barding Armor
32:53 Gold Mining
33:52 Husbandry
38:46 Wheelbarrow
39:45 Bow Saw
39:36 Pastoralism
44:00 Hand Cart
47:11 Imperial Age
47:25 Squires
46:47 Pikeman
47:33 Stone Mining
47:46 Heavy Camel Rider
49:03 Plate Barding Armor
48:29 Town Watch
50:16 Gambesons
51:34 Conscription
51:22 Lamellar Armor
51:38 Fletching
51:49 Padded Archer Armor
51:50 Scale Mail Armor
52:25 Iron Casting
52:27 Thumb Ring
51:42 Elite Skirmisher
54:58 Bodkin Arrow
55:18 Leather Archer Armor
55:24 Chain Mail Armor
55:31 Ballistics
55:50 Bracer
57:43 Ring Archer Armor
58:14 Treadmill Crane
58:40 Siege Engineers
60:07 Transhumance
63:00 Plate Mail Armor
68:26 Chemistry
69:40 Arson
70:36 Coinage
74:11 Banking
73:52 Guilds
532531
9:59 Loom
11:45 Feudal Age
16:43 Castle Age
16:11 Double-Bit Axe
18:00 Pikeman
27:36 Horse Collar
27:46 Crossbowman
30:19 Thumb Ring
31:01 Fletching
32:14 Squires
33:01 Bow Saw
33:45 Padded Archer Armor
33:40 Bodkin Arrow
35:59 Leather Archer Armor
36:26 Wheelbarrow
42:14 Imperial Age
40:16 Elite Skirmisher
42:16 Arbalester
43:59 Chemistry
43:57 Bracer
45:29 Conscription
45:26 Fortified Wall
45:46 Heavy Plow
46:24 Ring Archer Armor
47:27 Hoardings
47:36 Ballistics
47:01 Treadmill Crane
48:32 Halberdier
54:01 Forging
53:52 Scale Mail Armor
57:51 Chain Mail Armor
64:18 Plate Mail Armor
64:53 Arson
70:17 Iron Casting
Connection lost

Rejoining the realm…

Still unreachable

The connection could not be restored.

Session expired

The server has moved on; the page needs a fresh start.